AoeStats
← CASTORJHON

Arena

509174908Analyzed
2v2 RM · 6d ago on Sep 25, 2026· 35m 14s· 4 players
Game mode
Random Map
Map size
Medium (4 player)
Population
200
Speed
Normal
Resources
Standard
Victory
Conquest
Starting age
Dark Age
Ending age
Imperial Age
RankedLock teamsTeams togetherTeam positionsShared explorationLock speedFull tech treeHidden civsTurbo modeCheats
Victory
Defeat
🇨🇴 Mongols · Colombia
1125
+15
🇨🇴 Bohemians · Colombia
1042
+19
🇲🇽 Danes · Mexico
1104
-17
🇲🇽 Italians · Mexico
1104
-17
PILDORO
10:31 Loom
12:17 Feudal Age
17:30 Castle Age
16:12 Double-Bit Axe
16:10 Horse Collar
19:32 Fletching
21:59 Bow Saw
21:46 Pikeman
23:06 Bodkin Arrow
27:10 Gold Mining
28:16 Wheelbarrow
29:10 Elite Skirmisher
29:56 Thumb Ring
34:24 Imperial Age
34:56 Hand Cart
34:45 Heavy Plow
35:22 Gold Shaft Mining
34:38 Stone Mining
35:14 Bracer
35:14 Padded Archer Armor
36:04 Drill
Guitartato
10:22 Feudal Age
14:33 Castle Age
13:11 Double-Bit Axe
15:48 Town Watch
17:05 Horse Collar
21:00 Fervor
21:11 Sanctity
24:11 Wheelbarrow
28:16 Imperial Age
28:40 Chemistry
28:14 Loom
29:16 Ballistics
30:15 Crossbowman
31:44 Arbalester
31:45 Elite Skirmisher
32:17 Fletching
32:35 Siege Engineers
34:18 Hand Cart
35:40 Padded Archer Armor
JoseTezcaltlipoca
0:26 Loom
9:31 Feudal Age
16:47 Castle Age
15:07 Town Watch
17:23 Arson
18:03 Scale Mail Armor
23:30 Forging
25:15 Double-Bit Axe
26:18 Bow Saw
CASTORJHON
10:39 Feudal Age
11:53 Loom
15:03 Castle Age
13:04 Double-Bit Axe
13:36 Gold Mining
23:21 Fervor
26:30 Fletching
30:21 Imperial Age
28:48 Bow Saw
29:22 Bodkin Arrow
30:14 Sanctity
32:08 Redemption
32:14 Block Printing
32:21 Bracer
32:21 Padded Archer Armor
31:52 Elite Skirmisher
34:18 Theocracy
33:54 Scale Mail Armor
35:18 Leather Archer Armor
Connection lost

Rejoining the realm…

Still unreachable

The connection could not be restored.

Session expired

The server has moved on; the page needs a fresh start.